 Dungeon Crawl Stone Soup version 0.20-a0-2-g2b0e13a (webtiles) character file.

14662 JeffiDaFish the Fighter (level 12, -1/80 HPs)
             Began as a Gargoyle Fighter on Oct 30, 2016.
             Was an Elder of Makhleb.
             Slain by a hill giant
             ... wielding a +0 giant club
              (28 damage)
             ... on level 11 of the Dungeon.
             The game lasted 00:38:09 (13160 turns).

JeffiDaFish the Fighter (Gargoyle Fighter)         Turns: 13160, Time: 00:38:10

Health: -1/80      AC: 22    Str: 23    XL:     12   Next: 18%
Magic:  21/21      EV:  6    Int:  8    God:    Makhleb [****..]
Gold:   469        SH: 12    Dex: 10    Spells: 2 memorised, 19 levels left

rFire  . . .     SeeInvis .     a - +4 flail
rCold  . . .     Gourm    .     w - +0 plate armour
rNeg   + . .     Faith    .     c - +1 shield
rPois  ∞         Spirit   .     (no helmet)
rElec  +         Reflect  .     (no cloak)
rCorr  .         Harm     .     (no gloves)
MR     .....                    (no boots)
Stlth  ..........               (no amulet)
                                (no ring)
                                (no ring)

@: no status effects
A: dopey 1, negative energy resistance 1, electricity resistance, unbreathing,
petrification resistance, rot immunity, AC +8
a: Minor Destruction, Lesser Servant of Makhleb, Major Destruction, Renounce
Religion


You were on level 11 of the Dungeon.
You worshipped Makhleb.
Makhleb was greatly pleased with you.
You were not hungry.

You visited 2 branches of the dungeon, and saw 12 of its levels.

You collected 794 gold pieces.
You spent 325 gold pieces at shops.

Inventory:

Hand Weapons
 a - a +4 flail (weapon)
Armour
 c - a +1 shield (worn)
 w - a +0 plate armour (worn)
Wands
 e - a wand of flame (16/48)
 r - a wand of paralysis (13/24)
 u - a wand of flame (34/48)
Scrolls
 b - 2 scrolls of amnesia
 g - a scroll of magic mapping
 h - 5 scrolls of identify
 q - 2 scrolls of teleportation
 s - 3 scrolls of remove curse
Potions
 l - 2 potions of curing
 p - 2 potions of heal wounds
 x - a potion of cancellation
 z - a potion of ambrosia
Books
 k - a book of Minor Magic

   Spells                             Type                      Level
   a - Magic Dart                     Conjuration                  1
   b - Blink                          Translocation                2
   c - Call Imp                       Summoning                    2
   d - Repel Missiles                 Charms/Air                   2
   e - Slow                           Hexes                        2
   f - Conjure Flame                  Conjuration/Fire             3
   g - Mephitic Cloud                 Conjuration/Poison/Air       3
 t - a book of Conjurations

   Spells                             Type                      Level
   a - Magic Dart                     Conjuration                  1
   b - Searing Ray                    Conjuration                  2
   c - Dazzling Spray                 Conjuration/Hexes            3
   d - Fulminant Prism                Conjuration/Hexes            4
   e - Iskenderun's Mystic Blast      Conjuration                  4
   f - Iskenderun's Battlesphere      Conjuration/Charms           5
 v - a book of Necromancy

   Spells                             Type                      Level
   a - Pain                           Necromancy                   1
   b - Animate Skeleton               Necromancy                   1
   c - Vampiric Draining              Necromancy                   3
   d - Regeneration                   Charms/Necromancy            3
   e - Animate Dead                   Necromancy                   4
   f - Control Undead                 Necromancy                   4
Comestibles
 d - a beef jerky
 f - 4 bread rations
 i - 2 royal jellies
 j - 24 chunks of flesh
 m - 3 meat rations
 n - 3 slices of pizza
 o - 30 fruits


   Skills:
 * Level 11.3 Fighting
 + Level 7.7 Maces & Flails
 + Level 9.1 Armour
 - Level 0.5 Dodging
 + Level 9.3 Shields
 + Level 6.4 Spellcasting
 + Level 7.8 Conjurations


You had 19 spell levels left.
You knew the following spells:

 Your Spells              Type           Power        Failure   Level  Hunger
a - Magic Dart            Conj           ###.         30%         1    None
b - Dazzling Spray        Conj/Hex       #.....       100%        3    ###....


Dungeon Overview and Level Annotations

Branches:
Dungeon (11/15)            Temple (1/1) D:5            Lair (0/6) D:11
    Orc (0/2) D:9

Altars:
Ashenzari
Cheibriados
Dithmenos
Elyvilon
Fedhas
Hepliaklqana
Kikubaaqudgha
Makhleb
Nemelex Xobeh
Okawaru
Qazlal
Ru
Sif Muna
Trog
Uskayaw
Vehumet
Xom
Yredelemnul
Zin
The Shining One

Shops:
D:6 !


Innate Abilities, Weirdness & Mutations

You are resistant to torment.
Your stone body is resilient. (AC +8)
You are immune to poison.
You resist negative energy. (rN+)
You are resistant to electric shocks. (rElec)
You can survive without breathing.
You are immune to petrification.
You are immune to rotting.
You are dopey. (Int -2)


Message History

The hill giant is lightly wounded.
The hill giant hits you with a giant club!!
You hit the hill giant.
The hill giant is moderately wounded.
The hill giant hits you with a giant club.
You sock the hill giant!
The hill giant is moderately wounded.
The hill giant hits you with a giant club!
You sock the hill giant!
The hill giant is heavily wounded.
The hill giant barely misses you.
You hit the hill giant.
The hill giant is heavily wounded.
You hit the hill giant.
The hill giant is severely wounded.
The hill giant hits you but does no damage.
Your plate armour prevents you from hitting the hill giant.
The hill giant is severely wounded.
The hill giant hits you with a giant club!!
You die...

#...#...# ###.##
###'##### #.# #.).#
..# #######'### .##
..........#######.##
.......÷..'.#.......
..........#.#.......
........[.#.#.......
..........#@#C......
..........#C#r......
..........#r#....!..
..........#.(.......
..........###.......
.>......# .......
.)..... .......
#.#####


You could see a hill giant and a quokka.

Vanquished Creatures
  2 unseen horrors
  The ghost of Snicker the Covert, a novice SpEn of Gozag (D:9)
  3 hill giants (D:10)
  Maurice (D:10)
  The ghost of ninjaorigami the Cruncher, a novice TeGl (D:8)
  Psyche (D:9)
  2 trolls
  Grinder (D:5)
  4 hippogriffs
  A wyvern (D:11)
  16 yaks
  A human (D:9)
  2 wargs (D:9)
  Duvessa (D:5)
  5 sky beasts
  6 orc warriors
  A necrophage (D:11)
  4 phantoms
  An ice beast (D:6)
  10 ogres
  9 centaurs
  A crocodile (D:10)
  2 big kobolds
  A wyvern zombie (D:8)
  9 bullfrogs
  A water moccasin zombie (D:6)
  2 scorpions (D:10)
  Dowan (D:5)
  15 killer bees
  3 howler monkeys (D:10)
  4 crimson imps
  A quasit (D:5)
  Crazy Yiuf (D:5)
  8 hounds
  4 jellies
  A bullfrog skeleton (D:6)
  A gnoll shaman (D:6)
  4 orc priests (D:9)
  A centaur skeleton (D:7)
  4 iguanas
  8 worker ants
  10 orc wizards
  A hound zombie (D:5)
  3 worker ant zombies
  4 gnolls
  17 adders
  A shadow imp (D:8)
  4 oozes
  An adder skeleton (D:4)
  5 worms
  A dart slug (D:2)
  The ghost of severen the Sneak, a weakling FoEn (D:4)
  The ghost of severen the Vexing, a weakling FoEn (D:6)
  7 leopard geckos
  43 orcs
  4 giant cockroaches
  6 goblins
  7 hobgoblins
  29 jackals
  5 quokkas
  A ball python (D:3)
  A ball python skeleton (D:4)
  9 bats
  6 frilled lizards
  9 kobolds
  A quokka skeleton (D:5)
  A quokka zombie (D:8)
  8 rats
331 creatures vanquished.

Notes
Turn   | Place    | Note
-------+----------+-------------------------------------------
     0 | D:1      | JeffiDaFish the Gargoyle Fighter began the quest for the Orb.
     0 | D:1      | Reached XP level 1. HP: 14/14 MP: 1/1
   102 | D:1      | Reached XP level 2. HP: 19/19 MP: 2/2
   853 | D:2      | Reached XP level 3. HP: 23/23 MP: 3/3
  1347 | D:2      | Reached XP level 4. HP: 26/28 MP: 4/4
  2159 | D:3      | Reached XP level 5. HP: 24/33 MP: 5/5
  2363 | D:3      | Learned a level 1 spell: Magic Dart
  2428 | D:3      | Reached skill level 4 in Fighting
  2486 | D:3      | Found a sacrificial altar of Ru.
  2719 | D:4      | Noticed an ogre
  2727 | D:4      | Killed an ogre
  2727 | D:4      | Reached skill level 1 in Conjurations
  2727 | D:4      | Reached XP level 6. HP: 22/39 MP: 5/7
  2936 | D:4      | Reached skill level 1 in Spellcasting
  3328 | D:4      | Reached XP level 7. HP: 20/44 MP: 7/9
  3399 | D:4      | Reached skill level 5 in Fighting
  3691 | D:4      | Reached skill level 5 in Shields
  3760 | D:4      | Reached skill level 5 in Armour
  3940 | D:4      | Noticed severen's ghost (weakling FoEn)
  3951 | D:4      | Killed severen's ghost
  3960 | D:4      | Found a hazy altar of Hepliaklqana.
  4119 | D:5      | Entered Level 5 of the Dungeon
  4139 | D:5      | Noticed Duvessa
  4139 | D:5      | Noticed Dowan
  4145 | D:5      | Killed Duvessa
  4145 | D:5      | Reached XP level 8. HP: 42/50 MP: 9/11
  4155 | D:5      | Killed Dowan
  4193 | D:5      | Noticed Grinder
  4199 | D:5      | Paralysed by Grinder for 3 turns
  4213 | D:5      | Paralysed by Grinder for 3 turns
  4221 | D:5      | Killed Grinder
  4221 | D:5      | Reached skill level 6 in Fighting
  4721 | D:5      | Noticed a moth of wrath
  4729 | D:5      | Found a bloodstained altar of Trog.
  4982 | D:5      | Found a bloodstained altar of Trog.
  5043 | D:5      | Found a runed door.
  5047 | D:5      | Noticed Crazy Yiuf
  5052 | D:5      | Killed Crazy Yiuf
  5122 | D:5      | Found a staircase to the Ecumenical Temple.
  5127 | Temple   | Entered the Ecumenical Temple
  5150 | Temple   | Became a worshipper of Makhleb the Destroyer
  5393 | D:6      | Noticed severen's ghost (weakling FoEn)
  5402 | D:6      | Killed severen's ghost
  5694 | D:6      | Reached skill level 5 in Maces & Flails
  5694 | D:6      | Reached XP level 9. HP: 56/56 MP: 13/13
  5745 | D:6      | Reached skill level 7 in Fighting
  5782 | D:6      | Found Elonus's Distillery.
  6295 | D:6      | Found a blossoming altar of Fedhas.
  6434 | D:6      | Reached * piety under Makhleb
  6565 | D:6      | Found an ancient bone altar of Kikubaaqudgha.
  6607 | D:6      | Found a sparkling altar of Nemelex Xobeh.
  6820 | D:7      | Found a white marble altar of Elyvilon.
  7074 | D:7      | Reached skill level 5 in Conjurations
  7253 | D:7      | Learned a level 3 spell: Dazzling Spray
  7274 | D:7      | Found a deep blue altar of Sif Muna.
  7401 | D:7      | Reached skill level 8 in Fighting
  7877 | D:8      | Reached XP level 10. HP: 64/64 MP: 15/15
  7884 | D:8      | Gained mutation: Scrolls take you a little longer to read. [potion of mutation]
  7884 | D:8      | Gained mutation: Your spells are a little easier to cast, but a little less powerful. [potion of mutation]
  7884 | D:8      | Gained mutation: You are dopey. (Int -2) [potion of mutation]
  8152 | D:6      | Bought a potion of cure mutation for 325 gold pieces
  8154 | D:6      | Lost mutation: Your spells are a little easier to cast, but a little less powerful. [potion of cure mutation]
  8154 | D:6      | Lost mutation: Scrolls take you a little longer to read. [potion of cure mutation]
  8358 | D:8      | Noticed ninjaorigami's ghost (novice TeGl)
  8366 | D:8      | Killed ninjaorigami's ghost
  8446 | D:8      | Reached ** piety under Makhleb
  8446 | D:8      | Reached skill level 9 in Fighting
  8686 | D:8      | Found a glowing silver altar of Zin.
  8687 | D:8      | Found a glowing golden altar of the Shining One.
  8952 | D:9      | Noticed Snicker's ghost (novice SpEn)
  9028 | D:9      | HP: 2/66 [Snicker's ghost/spray of energy (12)]
  9032 | D:9      | Killed Snicker's ghost
  9465 | D:9      | Noticed Psyche
  9478 | D:9      | Killed Psyche
  9670 | D:9      | Reached XP level 11. HP: 72/72 MP: 18/18
  9909 | D:9      | Reached skill level 5 in Spellcasting
  9935 | D:9      | Found a staircase to the Orcish Mines.
 10185 | D:9      | Reached skill level 10 in Fighting
 10477 | D:9      | Reached *** piety under Makhleb
 10882 | D:10     | Entered Level 10 of the Dungeon
 11035 | D:10     | Killed an unseen horror
 11369 | D:10     | Noticed a hill giant
 11383 | D:10     | Killed a hill giant
 11473 | D:10     | Noticed Maurice
 11493 | D:10     | Killed Maurice
 11895 | D:10     | Noticed a hill giant
 11913 | D:10     | Killed a hill giant
 12341 | D:10     | Noticed a hill giant
 12357 | D:10     | Killed a hill giant
 12539 | D:10     | Reached **** piety under Makhleb
 12837 | D:11     | Reached skill level 11 in Fighting
 12906 | D:11     | Found a staircase to the Lair.
 12973 | D:11     | Reached XP level 12. HP: 80/80 MP: 21/21
 13160 | D:11     | Slain by a hill giant

Vault maps used:
D:1:      tarquinn_simple_flora_water_e
D:3:      lemuel_round_altar
D:4:      lemuel_round_altar, cheibrodos_gnoll_hut
D:5:      overflow_temple_1_default, first_bread, tgw_trog, uniq_duvessa,
          uniq_crazy_yiuf_cottage, uniq_grinder
D:6:      fedhas_altar_4, kennysheep_mini, serial_shops, shop,
          nemelex_lonely_heart_becter
D:7:      kennysheep_mini_moat, led_sif_pool
D:8:      nicolae_overflow_hidden_temple, lightli_minifort
D:9:      erik_orc_4, uniq_psyche
D:10:     blue_anna_alchemist, kennysheep_generic_room_16, uniq_maurice
D:11:     lair_0_dummy, serial_shops, shop_coins
Temple:   minmay_temple_bridge_abc

Skill      XL: |  1  2  3  4  5  6  7  8  9 10 11 12 |
---------------+-------------------------------------+-----
Armour         | 4 5 6 7 8 9 |  9.1
Shields        | 4 5 6 7 8 9 |  9.3
Maces & Flails | 3 4 5 6 7 |  7.7
Fighting       | 4 5 6 8 9 11 | 11.3
Conjurations   | 1 2 4 5 6 7 |  7.8
Spellcasting   | 1 2 3 4 6 |  6.4
Dodging        | |  0.5

Action                   |  1- 3 |  4- 6 |  7- 9 | 10-12 || total
-------------------------+-------+-------+-------+-------++-------
Melee: Flail             |   130 |   244 |   471 |   862 ||  1707
  Use: Scroll            |     6 |     6 |     6 |     4 ||    22
       Potion            |     3 |     3 |     4 |     8 ||    18
  Eat: Chunk             |     2 |     6 |    10 |    10 ||    28
       Meat ration       |       |       |     1 |     1 ||     2
       Bread ration      |       |       |     1 |       ||     1
Armor: Scale mail        |    17 |       |       |       ||    17
       Chain mail        |    69 |   186 |   363 |   383 ||  1001
       Plate armour      |       |       |       |   251 ||   251
Dodge: Dodged            |    32 |    56 |   133 |   248 ||   469
Block: Shield            |    68 |   128 |   349 |   599 ||  1144
